 Dungeon Crawl Stone Soup version 0.28-a0-1624-g820543e53a (webtiles) character file.

Game seed: 17722084923336032270

690 HallandMoats the Bolt Thrower (level 7, -3/60 HPs)
             Began as a Ghoul Hunter on Jan 23, 2022.
             Was a Follower of Okawaru.
             Slain by a troll (11 damage)
             ... on level 5 of the Dungeon.
             The game lasted 00:08:45 (4242 turns).

HallandMoats the Bolt Thrower (Ghoul Hunter)        Turns: 4242, Time: 00:08:45

Health: -3/60      AC:  9    Str: 16    XL:     7   Next: 63%
Magic:  8/8        EV: 13    Int:  6    God:    Okawaru [*.....]
Gold:   135        SH:  0    Dex: 11    Spells: 6/6 levels left

rFire   + . .      SeeInvis .   b - +2 short sword (venom)
rCold   + . .      Faith    .   y - +0 buckler
rNeg    + + +      Spirit   .   f - +0 ring mail
rPois   ∞          Reflect  .   q - +2 hat
rElec   .          Harm     .   (no cloak)
rCorr   .          Rampage  .   (no gloves)
Will    .....                   g - +0 pair of boots
Stlth   +.........              (no amulet)
HPRegen 0.00/turn               t - ring of protection from fire
MPRegen 0.11/turn               (no ring)

@: confused, heroic, ambrosia-drunk, inhibited regen
A: claws 1, cold resistance 1, negative energy resistance 3, inhibited
regeneration, torment resistance 2
a: Renounce Religion, Heroism


You were on level 5 of the Dungeon.
You worshipped Okawaru.
Okawaru was aware of your devotion.
You visited 2 branches of the dungeon, and saw 6 of its levels.

You collected 189 gold pieces.
You spent 54 gold pieces at shops.

Inventory:

Hand Weapons
 a - a +1 hand crossbow
 b - a +2 short sword of venom (weapon)
 z - a +2 vampiric short sword
Armour
 f - a +0 ring mail (worn)
 g - a +0 pair of boots (worn)
 q - a +2 hat (worn)
 y - a +0 buckler (worn)
Jewellery
 t - a ring of protection from fire (left claw)
 x - a ring of fire
Wands
 v - a wand of digging (4)
Scrolls
 k - 2 scrolls of blinking {unknown}
 l - 4 scrolls of identify {unknown}
 m - a scroll of holy word {unknown}
 p - 2 scrolls of teleportation {unknown}
 s - a scroll of enchant weapon {unknown}
 u - a scroll of vulnerability {unknown}
 w - a scroll of enchant armour {unknown}
Potions
 c - a potion of degeneration {unknown}
 e - a potion of lignification {unknown}
 h - a potion of attraction
 j - 2 potions of mutation {unknown}
 n - a potion of berserk rage {unknown}
 o - a potion of curing {unknown}
 r - a potion of resistance {unknown}


   Skills:
 * Level 4.8(9.8) Fighting
 * Level 5.3(10.3) Crossbows
 + Level 2.1(7.1) Armour
 + Level 3.0(8.0) Dodging
 - Level 1.1(6.1) Stealth
 + Level 2.3(7.3) Shields
 + Level 2.7 Invocations


You had 6 spell levels left.
You didn't know any spells.
Your spell library contained the following spells:

 Spells                   Type           Power      Damage    Failure   Level
 Pain                     Necr           0%         1d4       73%         1
 Corpse Rot               Necr/Air       0%         N/A       86%         2
 Poisonous Vapours        Pois/Air       0%         N/A       86%         2
 Vampiric Draining        Necr           0%         2d6       97%         3
 Animate Skeleton         Necr           Unusable   N/A       N/A         1

Dungeon Overview and Level Annotations

Branches:
Dungeon (5/15)             Temple (1/1) D:4

Altars:
Cheibriados
Fedhas
Gozag
Hepliaklqana
Kikubaaqudgha
Makhleb
Nemelex Xobeh
Okawaru
Qazlal
Ru
Sif Muna
Wu Jian
Xom
Zin
The Shining One

Shops:
D:3 =   D:4 (([


Innate Abilities, Weirdness & Mutations

You thrive by killing the living.
You are immune to poison.
You have sharp fingernails.
Your flesh is cold resistant. (rC+)
You are immune to negative energy. (rN+++)
You do not regenerate when monsters are visible.
You are immune to unholy pain and torment.


Message History

A troll is nearby!
A troll is nearby!
A troll is nearby!
A troll is nearby!
You shoot a bolt. The bolt barely misses the troll.
You do not have any ammo quivered for your +1 hand crossbow.
Your +2 short sword of venom begins to drip with poison!
b - a +2 short sword of venom (weapon)
You gain the combat prowess of a mighty hero.
The troll bites you! The troll claws you. You block the troll's attack.
You hit the troll but do no damage.
The troll is poisoned.
The troll bites you but does no damage. You block the troll's attack.
The troll claws you.
You hit the troll.
The troll is lightly wounded.
The troll misses you. The troll claws you but does no damage.
You block the troll's attack.
You hit the troll.
The troll is lightly wounded.
You block the troll's attack. x2; The troll claws you!
You barely miss the troll.
The troll is lightly wounded.
The troll barely misses you. The troll closely misses you. The troll claws you.
* * * LOW HITPOINT WARNING * * *
You are confused.
You feel invigorated. The troll bites you.
* * * LOW HITPOINT WARNING * * *
The troll barely misses you. The troll claws you but does no damage.
You barely miss the troll.
The troll is lightly wounded.
The troll bites you!
* * * LOW HITPOINT WARNING * * *
The troll claws you but does no damage. The troll claws you.
* * * LOW HITPOINT WARNING * * *
You hit the troll.
The troll looks even sicker.
The troll is lightly wounded.
The troll bites you.
* * * LOW HITPOINT WARNING * * *
The troll claws you!
You die...

#...######...... #.# ##..####
#.###.# #.# #.....# #.# #.# #.#
##.##.# #.###+# #.#
####.##.###.##... ## #.#
#........##.#.... ##.##.#
#.##.............
####...#.######.##(....##......
+............T@.........+...)..
####...#.#.####.##.)...##......
#.....#.# #.##..##.###.....
#.#(###.# #.##.###.# ##....
#.#(# #.# #.##.###.# ##... #
#.# #.# #........# ##'# ... ..#
####.##### #.# #.# ### #<# #.#
#.# #.# ######.#


You could see a troll (very poisoned).

Vanquished Creatures
  A necrophage (D:4)
  An ogre (D:4)
  A phantom (D:2)
  A scorpion (D:5)
  An orc priest (D:5)
  2 bullfrog skeletons (D:4)
  2 iguanas (D:5)
  2 orc wizards (D:4)
  8 adders
  5 gnolls
  2 worms (D:1)
  A dart slug (D:2)
  11 orcs
  4 endoplasms
  3 giant cockroaches
  4 goblins
  11 hobgoblins
  2 jackals (D:1)
  9 kobolds
  4 quokkas
  6 ball pythons
  5 bats
  5 frilled lizards
  3 rats
94 creatures vanquished.

Notes
Turn   | Place    | Note
-------+----------+-------------------------------------------
     0 | D:1      | HallandMoats the Ghoul Hunter began the quest for the Orb.
     0 | D:1      | Reached XP level 1. HP: 17/17 MP: 0/0
    19 | D:1      | Reached XP level 2. HP: 25/25 MP: 1/1
   313 | D:1      | Reached XP level 3. HP: 30/30 MP: 2/2
   524 | D:1      | Reached skill level 4 in Crossbows
   543 | D:1      | Found a faded altar of an unknown god.
  1073 | D:2      | Reached skill level 1 in Invocations
  1095 | D:2      | Reached skill level 1 in Shields
  1095 | D:2      | Reached XP level 4. HP: 37/37 MP: 3/3
  1198 | D:2      | Noticed a phantom
  1213 | D:2      | Killed a phantom
  1214 | D:2      | Reached skill level 1 in Armour
  1214 | D:2      | Reached XP level 5. HP: 11/45 MP: 3/5
  1770 | D:3      | Found a blossoming altar of Fedhas.
  1798 | D:3      | Found Tearommu's Jewellery Shoppe.
  1857 | D:3      | Found an ancient bone altar of Kikubaaqudgha.
  2320 | D:4      | Found a staircase to the Ecumenical Temple.
  2364 | Temple   | Entered the Ecumenical Temple
  2438 | Temple   | Became a worshipper of Warmaster Okawaru
  2558 | D:4      | Noticed an ogre
  2626 | D:3      | Reached XP level 6. HP: 40/52 MP: 6/6
  2785 | D:4      | Found Meditoal's Weapon Shoppe.
  2842 | D:4      | Noticed a necrophage
  2886 | D:4      | Killed a necrophage
  2920 | D:4      | Found Natenask's Weapon Emporium.
  2939 | D:4      | Found an opulent altar of Gozag.
  2967 | D:4      | Found a burning altar of Makhleb.
  3118 | D:4      | Found Kezuwebu's Armour Emporium.
  3129 | D:4      | Bought a +0 buckler for 54 gold pieces
  3164 | D:4      | Reached * piety under Okawaru
  3165 | D:4      | Reached skill level 5 in Crossbows
  3165 | D:4      | Reached XP level 7. HP: 12/60 MP: 7/7
  3542 | D:5      | Entered Level 5 of the Dungeon
  4223 | D:5      | Noticed a troll
  4242 | D:5      | Slain by a troll

Illustrated notes

Levels and vault maps discovered:
D:1:      scummos_arrival_simple_crosswalls, layout_rooms,
          ebering_ecumenical_altar_hall, hangedman_abyss_or_decor_lesser_grid,
          nicolae_wormholes
D:2:      minmay_chambers_of_twos, layout_rooms, basic_altar,
          minmay_pentomino_q2
D:3:      layout_basic, fedhas_altar_1, nicolae_kikubaaqudgha_miasma_corner,
          serial_shops, nicolae_shop_hallway_plus, minivault_25
D:4:      layout_basic, mainiacjoe_overflow_catch_the_wave,
          minmay_temple_entry_tees, serial_shops, shop, shop,
          nicolae_shop_trees, serial_corexii_hall, chequers_hall_statues_y,
          corexii_hall_statues_l
D:5:      layout_loops_corners, nicolae_overflow_hidden_temple,
          minmay_statues_item, grunt_ministairs_9
Temple:   cyrus_temple_forest

Skill      XL: |  1  2  3  4  5  6  7 |
---------------+----------------------+-----
Dodging        | 2 3 |  3.0
Crossbows      | 4 5 |  5.3
Invocations    | 1 2 |  2.7
Shields        | 1 2 |  2.3
Fighting       | 3 4 |  4.8
Armour         | 1 2 |  2.1
Stealth        | |  1.1

Action                   |  1- 3 |  4- 6 |  7- 9 || total
-------------------------+-------+-------+-------++-------
Melee: Short sword       |    32 |   134 |    55 ||   221
       Punch             |     1 |     3 |       ||     4
 Fire: Hand crossbow     |    73 |    50 |    27 ||   150
Invok: Heroism           |       |       |     2 ||     2
  Use: Potion            |       |     2 |     1 ||     3
Armor: Ring mail         |    27 |    76 |    18 ||   121
Dodge: Dodged            |    21 |    94 |    37 ||   152
Block: Buckler           |       |       |    22 ||    22

Table legend: (Time is in decaauts)
 A = Elapsed time spent in this place.
 B = Non-inter-level travel time spent in this place.
 C = Inter-level travel time spent in this place.
 D = Time resting spent in this place.
 E = Time spent auto-exploring this place.
 F = Levels seen in this place.
 G = Mean time per level.
                   A        B        C        D        E       F      G
               +--------+--------+--------+--------+--------+-----+--------+
         Total |   4294 |   4228 |     66 |    235 |   2935 |   6 |  715.7 |
       Dungeon |   4184 |   4118 |     66 |    235 |   2880 |   5 |  836.8 |
        Temple |    109 |    109 |      0 |      0 |     55 |   1 |  109.0 |
               +--------+--------+--------+--------+--------+-----+--------+

Top non-repeatable levels by time:
     D:4: 1320 daAuts
     D:2: 921 daAuts
     D:1: 729 daAuts
     D:3: 672 daAuts
     D:5: 539 daAuts
  Temple: 109 daAuts
